 Dungeon Crawl Stone Soup version 0.24-a0-446-g87df7205b4 (webtiles) character file.

Game seed: 15426432779291625737

0 Gargoyl the Skirmisher (level 1, -9/19 HPs)
             Began as a Centaur Abyssal Knight on June 24, 2019.
             Was a Follower of Lugonu.
             Mangled by a large abomination (17 damage)
             ... on level 2 of the Abyss.
             The game lasted 00:00:36 (175 turns).

Gargoyl the Skirmisher (Centaur Abyssal Knight)      Turns: 175, Time: 00:00:37

Health: -9/19      AC:  5    Str: 14    XL:     1   Next: 0%
Magic:  2/2        EV:  9    Int: 11    God:    Lugonu [*.....]
Gold:   10         SH:  0    Dex:  8    Spells: 0/0 levels left

rFire    . . .     SeeInvis .   a - +1 hand axe
rCold    . . .     Gourm    .   (no shield)
rNeg     . . .     Faith    .   b - +0 leather armour
rPois    .         Spirit   .   (no helmet)
rElec    .         Reflect  .   (no cloak)
rCorr    .         Harm     .   e - +0 pair of gloves (curse)
MR       .....                  (no barding)
Stlth    ..........             (no amulet)
HPRegen  0.00/turn              (no ring)
MPRegen  0.08/turn              (no ring)

@: non-regenerating, diseased, very quick
A: large, hooves 3, deformed body, speed 2, tough skin 3
a: Depart the Abyss, Renounce Religion


You were on level 2 of the Abyss.
You worshipped Lugonu.
Lugonu was aware of your devotion.
You were not hungry.

You visited 0 branches of the dungeon, and saw 0 of its levels.
You visited the Abyss 1 time.

You collected 10 gold pieces.

Inventory:

Hand Weapons
 a - a +1 hand axe (weapon)
Armour
 b - a +0 leather armour (worn)
 e - a cursed +0 pair of gloves (worn)
Jewellery
 f - a cursed ring of teleportation {unknown}
Scrolls
 d - 2 scrolls of magic mapping
Comestibles
 c - 2 rations


   Skills:
 + Level 3.0 Fighting
 + Level 1.7 Axes
 + Level 1.3 Armour
 + Level 0.6 Dodging
 + Level 2.0 Invocations


You couldn't memorise any spells.
You didn't know any spells.
Your spell library contained the following spells:

 Spells                   Type           Power        Failure   Level  Hunger
 Apportation              Tloc           #.....       41%         1    ##.....
 Summon Butterflies       Summ           #.......     41%         1    ##.....
 Lesser Beckoning         Tloc           #.........   78%         3    ####...
 Tukima's Dance           Hex            #.......     78%         3    ####...
 Alistair's Intoxication  Tmut/Pois      #.......     100%        5    ######.
 Invisibility             Hex            #.......     100%        6    #######


Dungeon Overview and Level Annotations

Branches:
Dungeon (0/15)

Altars:


Innate Abilities, Weirdness & Mutations

You have hooves in place of feet.
Armour fits poorly on your strangely shaped body.
You cover ground very quickly.
You have extremely tough skin. (AC +3)


Message History

A lurking horror comes into view.
The lurking horror explodes!
Your body is wracked with pain!
The insubstantial wisp blinks!
A small abomination comes into view.
An ancient zyme comes into view.
You feel yourself growing ill in the presence of the ancient zyme.
A jelly comes into view.
The jelly quivers.
You feel ill.
Found a twisted ruby ring.
You feel ill.
A large abomination comes into view.
Found a fuming white potion.
You see here a twisted ruby ring.
f - a twisted ruby ring You fail to use your ability.
The meliai hits you. The meliai barely misses you.
The large abomination hits you!
Ouch! That really hurt!
You die...

... . #.. ..# ..
..###.. #..##..
..... ...... ..
.... ....!.... ..
#.. #..# ..# ..#
##.X##..##.. #..#
.##...@..........
#......y........
....#..##..##..#
###.#..##..# ..# #
#.##.#....###
..#.##. .#..#...#
#...## ..#.#.#...#
.... ....#J##.#.#
#.#.#.##......###..


You could see a large abomination and a meliai.

Vanquished Creatures (others)
  A lurking horror (Abyss:2)
1 creature vanquished.

Notes
Turn   | Place    | Note
-------+----------+-------------------------------------------
     0 | Abyss:1  | Gargoyl the Centaur Abyssal Knight began the quest for the
                  | Orb.
     0 | Abyss:1  | Reached XP level 1. HP: 19/19 MP: 2/2
    60 | Abyss:2  | Found a corrupted altar of Lugonu.
    90 | Abyss:2  | Found a corrupted altar of Lugonu.
   130 | Abyss:2  | Noticed an insubstantial wisp
   135 | Abyss:2  | Noticed a large abomination
   150 | Abyss:2  | Noticed a small abomination
   153 | Abyss:2  | Noticed an ancient zyme
   155 | Abyss:2  | Noticed a jelly
   171 | Abyss:2  | Noticed a meliai
   171 | Abyss:2  | a shapeshifter changed into a meliai
   173 | Abyss:2  | Noticed a large abomination
   175 | Abyss:2  | Mangled by a large abomination

Levels and vault maps discovered:
Abyss:2:  hangedman_shadowy_showcase, hangedman_abyss_or_decor_jellyfish_corner

Action                   || total
-------------------------++-------
  Use: Scroll            ||     1
Dodge: Dodged            ||     1

Table legend:
 A = Non-vault XP
 B = Vault XP
 C = Vault XP percentage of total XP
 D = Non-vault monster count
 E = Vault monster count
 F = Vault count percentage of total count
                 A         B        C        D         E       F
            +---------+---------+-------+---------+---------+-------
      Total |       0 |       0 |   N/A |       0 |       0 |  -nan
            +---------+---------+-------+---------+---------+-------
            +---------+---------+-------+---------+---------+-------
